 Dungeon Sprint DCSS version 0.22-a0-429-g97ce8ef (webtiles) character file.

3140 ForestKing the Ripper (level 9, -1/47 HPs)
             Began as a Felid Berserker on May 25, 2018.
             Was the Champion of Jiyva.
             Killed from afar by a catoblepas (2 damage)
             ... with a blast of calcifying dust
             ... in the Dungeon (Sprint IX: "|||||||||||||||||||||||||||||").
             The game lasted 00:07:24 (757 turns).

ForestKing the Ripper (Felid Berserker)              Turns: 757, Time: 00:07:24

Health: -1/47      AC:  7    Str: 12    XL:     9   Next: 61%
Magic:  10/10      EV:  4    Int: 10    God:    Jiyva [******]
Gold:   17         SH:  0    Dex: 19    Spells: 8/8 levels left
                                        Lives:  0   Deaths: 3

rFire    + . .     SeeInvis +     - Unarmed
rCold    + . .     Gourm    .   (shield unavailable)
rNeg     + + +     Faith    .   (armour unavailable)
rPois    ∞         Spirit   .   (helmet unavailable)
rElec    .         Reflect  .   (cloak unavailable)
rCorr    +         Harm     .   (gloves unavailable)
MR       +....     NoTele   +   (boots unavailable)
Stlth    ++++++....             (no amulet)
HPRegen  0.15/turn              n - +2 ring of protection
MPRegen  0.12/turn              m - +2 ring of evasion

@: petrified, quick
A: very small, no armour, no weapons or thrown items, stealth, claws 1, fangs 3,
molten scales 1, see invisible, carnivore, fire resistance 1, speed 1, high mp
1, mutation resistance 1, shaggy fur 3, slow metabolism 1, wild magic 1, acidic
bite, eyeballs 1, pseudopods 1, tendrils, jelly sensing items, jelly absorbing
missiles, MP-powered wands, sharp paws
a: Request Jelly, Slimify, Cure Bad Mutation, Renounce Religion


You were in the Dungeon.
You worshipped Jiyva.
Jiyva was exalted by your worship.
You were not hungry.

You visited 1 branch You collected 17 gold pieces.

Inventory:

Jewellery
 m - a +2 ring of evasion (right paw)
 n - a +2 ring of protection (left paw)
Wands
 l - a wand of acid (10)
Scrolls
 g - 2 scrolls of blinking
 j - 4 scrolls of remove curse
 k - 2 scrolls of amnesia
 p - a scroll of fog
Potions
 b - 7 potions of curing
 c - 2 potions of heal wounds
 d - a potion of haste
 e - 4 potions of magic
Comestibles
 a - 2 rations


   Skills:
 + Level 10.4 Fighting
 + Level 15.7 Dodging
 + Level 13.5 Stealth
 + Level 18.0 Unarmed Combat


You had 8 spell levels left.
You didn't know any spells.
Your spell library was empty.

Dungeon Overview and Level Annotations

Branches:
Dungeon (1/1)

Altars:
Cheibriados
Dithmenos
Elyvilon
Fedhas
Gozag
Hepliaklqana
Kikubaaqudgha
Makhleb
Nemelex Xobeh
Okawaru
Qazlal
Ru
Sif Muna
Trog
Uskayaw
Vehumet
Wu Jian
Xom
Yredelemnul
Zin
The Shining One
Beogh
Jiyva
Lugonu

Annotations:
D Urug


Innate Abilities, Weirdness & Mutations

You cannot wear armour.
You are incapable of wielding weapons or throwing items.
Your paws allow you to move quietly. (Stealth)
You have sharp claws.
You have razor-sharp teeth.
You have supernaturally acute eyesight. (SInv)
You are carnivorous and can eat meat at any time.
You cover ground quickly.
Your thick and shaggy fur keeps you warm. (AC +3, rC+)
You have a slow metabolism.
Your sharp claws are effective at attacking unaware monsters.
You are partially covered in molten scales. (AC +2)
Your flesh is heat resistant. (rF+)
You have an increased reservoir of magic. (+10% MP)
You are somewhat resistant to further mutation.
Your spells are a little harder to cast, but a little more powerful.
You have acidic saliva.
Your body has grown golden eyes which may confuse attackers. (Acc +3)
Armour fits poorly on your pseudopods.
You are covered in slimy tendrils that may disarm your opponents.
You have a small jelly attached to you that senses nearby items.
You have a small jelly attached to you that may absorb incoming projectiles.
You expend magic power (3 MP) to strengthen your wands.


Message History

You are engulfed in calcifying dust.
Your limbs have turned to stone.
The catoblepas misses you.
You have turned to stone.
You are engulfed in calcifying dust.
The catoblepas gores you!!
The catoblepas breathes a plume of calcifying dust at you.
The blast of calcifying dust hits you!
You are engulfed in calcifying dust.
The catoblepas breathes a plume of calcifying dust at you.
The blast of calcifying dust hits you!
You are engulfed in calcifying dust.
The catoblepas gores you!!
* * * LOW HITPOINT WARNING * * *
You are engulfed in calcifying dust.
The catoblepas breathes a plume of calcifying dust at you.
The blast of calcifying dust hits you!
* * * LOW HITPOINT WARNING * * *
You are engulfed in calcifying dust.
The catoblepas gores you.
* * * LOW HITPOINT WARNING * * *
You are engulfed in calcifying dust.
The catoblepas breathes a plume of calcifying dust at you.
The blast of calcifying dust hits you!
You die...

▓_▓.▓.▓.▓∆
▓_▓.▓.▓.▓∆
▓_▓.▓.▓.▓
▓_▓.▓.▓.▓∆
▓_▓.▓§▓.▓∆
▓_▓.▓§▓.▓∆
▓_▓.▓§▓.▓∆
▓_▓.▓§▓.▓∆
▓_▓.▓@▓.▓∆
▓_▓.▓Y▓.▓∆
▓_▓.▓Y▓.▓∆
▓_▓.▓Y▓.▓∆
▓_▓.▓.▓.▓∆
▓_▓.▓.▓.▓∆
▓_▓.▓.▓.▓∆
▓_▓.▓.▓.▓
▓'▓.▓'▓.▓∆


You could see a catoblepas and 2 yaks.

Vanquished Creatures
  A hydra (D)
  3 death yaks (D)
  2 catoblepae (D)
  An unseen horror (D)
  A spiny frog (D)
  A komodo dragon (D)
  A troll (D)
  A blink frog (D)
  4 hippogriffs (D)
  2 yaks (D)
  A basilisk (D)
  4 porcupines (D)
  A black bear (D)
  2 crocodiles (D)
  4 bullfrogs (D)
  A crimson imp (D)
  3 hounds (D)
  2 iguanas (D)
  3 worker ants (D)
  A leopard gecko (D)
  An orc (D)
  A ball python (D)
  2 giant cockroaches (D)
  A jackal (D)
44 creatures vanquished.

Vanquished Creatures (others)
  7 jellies (D)
7 creatures vanquished.

Grand Total: 51 creatures vanquished

Notes
Turn   | Place    | Note
-------+----------+-------------------------------------------
     0 | D        | ForestKing the Felid Berserker began the quest for the Orb.
     0 | D        | Reached XP level 1. HP: 10/10 MP: 2/2
     8 | D        | Reached ** piety under Trog
    15 | D        | Reached skill level 1 in Stealth
    21 | D        | Noticed a hound
    21 | D        | Noticed a worker ant
    21 | D        | Noticed a crimson imp
    21 | D        | Noticed a worker ant
    24 | D        | Reached XP level 2. HP: 12/15 MP: 3/3
    33 | D        | Reached *** piety under Trog
    33 | D        | Reached skill level 4 in Unarmed Combat
    33 | D        | Reached XP level 3. HP: 8/18 MP: 4/4
    35 | D        | Reached skill level 5 in Fighting
    35 | D        | Reached skill level 5 in Unarmed Combat
    44 | D        | Reached skill level 6 in Unarmed Combat
    44 | D        | Reached XP level 4. HP: 7/23 MP: 5/5
    56 | D        | HP: 1/23 [crimson imp (4)]
    97 | D        | Found a roughly hewn altar of Beogh.
    97 | D        | Found a snail-covered altar of Cheibriados.
    97 | D        | Found a shadowy altar of Dithmenos.
    97 | D        | Found a white marble altar of Elyvilon.
    97 | D        | Found a blossoming altar of Fedhas.
    97 | D        | Found an opulent altar of Gozag.
    98 | D        | Found a hazy altar of Hepliaklqana.
    99 | D        | Found a viscous altar of Jiyva.
   100 | D        | Found an ancient bone altar of Kikubaaqudgha.
   101 | D        | Found a corrupted altar of Lugonu.
   102 | D        | Found a burning altar of Makhleb.
   103 | D        | Found a sparkling altar of Nemelex Xobeh.
   104 | D        | Found an iron altar of Okawaru.
   105 | D        | Found a stormy altar of Qazlal.
   106 | D        | Found a sacrificial altar of Ru.
   107 | D        | Found a deep blue altar of Sif Muna.
   110 | D        | Fell from the grace of Trog
   110 | D        | Became a worshipper of Jiyva Jeedouz the Shapeless
   112 | D        | Found a bloodstained altar of Trog.
   113 | D        | Found a hide-covered altar of Uskayaw.
   114 | D        | Found a radiant altar of Vehumet.
   115 | D        | Found an ornate altar of the Wu Jian Council.
   116 | D        | Found a shimmering altar of Xom.
   117 | D        | Found a basalt altar of Yredelemnul.
   118 | D        | Found a glowing silver altar of Zin.
   119 | D        | Found a glowing golden altar of the Shining One.
   134 | D        | Reached * piety under Jiyva
   203 | D        | Noticed an unseen horror
   203 | D        | Noticed a hippogriff
   213 | D        | Killed an unseen horror
   213 | D        | Reached skill level 10 in Unarmed Combat
   213 | D        | Reached XP level 5. HP: 16/29 MP: 6/6
   213 | D        | Gained mutation: You are covered in thick fur. (AC +2) [Felid growth]
   213 | D        | Reached XP level 6. HP: 19/33 MP: 7/7
   213 | D        | Reached XP level 7. HP: 21/37 MP: 8/8
   222 | D        | Killed a hippogriff
   222 | D        | Reached skill level 11 in Unarmed Combat
   243 | D        | Noticed a hippogriff
   243 | D        | Noticed a troll
   243 | D        | Noticed a yak
   250 | D        | Killed a hippogriff
   250 | D        | Reached skill level 12 in Unarmed Combat
   250 | D        | Reached XP level 8. HP: 37/42 MP: 9/9
   264 | D        | Killed a troll
   276 | D        | Reached skill level 13 in Unarmed Combat
   325 | D        | Killed by the fiery rage of Trog
   326 | D        | Reached XP level 7. HP: 0/38 MP: 8/8
   355 | D        | Noticed Urug
   363 | D        | Slain by Urug
   364 | D        | Reached XP level 6. HP: -3/34 MP: 7/7
   422 | D        | Noticed a basilisk
   422 | D        | Noticed a spiny frog
   422 | D        | Noticed a porcupine
   422 | D        | Noticed a porcupine
   423 | D        | Noticed a hippogriff
   424 | D        | Killed a basilisk
   424 | D        | Reached XP level 7. HP: 38/38 MP: 8/8
   427 | D        | Noticed a hippogriff
   428 | D        | Killed a spiny frog
   433 | D        | Reached skill level 14 in Unarmed Combat
   433 | D        | Reached XP level 8. HP: 42/42 MP: 9/9
   438 | D        | Killed a hippogriff
   443 | D        | Killed a hippogriff
   443 | D        | Reached skill level 10 in Stealth
   515 | D        | Reached ** piety under Jiyva
   520 | D        | Reached *** piety under Jiyva
   524 | D        | Gained mutation: You have a somewhat thin skeletal structure. (Dex +2, Stealth) [Jiyva's grace]
   524 | D        | Reached **** piety under Jiyva
   527 | D        | Gained mutation: You are partially covered in molten scales. (AC +2) [Jiyva's grace]
   527 | D        | Reached ***** piety under Jiyva
   531 | D        | Gained mutation: You have a pair of small horns on your head. [Jiyva's grace]
   582 | D        | Gained mutation: You are resistant to hostile enchantments. (MR+) [Jiyva's grace]
   584 | D        | Lost mutation: You are resistant to hostile enchantments. (MR+) [Jiyva's grace]
   586 | D        | Reached ****** piety under Jiyva
   586 | D        | Lost mutation: You have a pair of small horns on your head. [Jiyva's grace]
   589 | D        | Gained mutation: You expend magic power (3 MP) to strengthen your wands. [Jiyva's grace]
   590 | D        | Lost mutation: You expend magic power (3 MP) to strengthen your wands. [Jiyva's grace]
   590 | D        | Lost mutation: You have a somewhat thin skeletal structure. (Dex +2, Stealth) [Jiyva's grace]
   592 | D        | Gained mutation: You occasionally shout uncontrollably at your foes. [Jiyva's grace]
   597 | D        | Lost mutation: You occasionally shout uncontrollably at your foes. [Jiyva's power]
   597 | D        | Gained mutation: You have a small jelly attached to you that may absorb incoming projectiles. [Jiyva's grace]
   602 | D        | Gained mutation: You are resistant to hostile enchantments. (MR+) [Jiyva's grace]
   604 | D        | Noticed an eight-headed hydra
   606 | D        | Noticed a komodo dragon
   613 | D        | Killed an eight-headed hydra
   613 | D        | Reached skill level 15 in Unarmed Combat
   613 | D        | Reached XP level 9. HP: 46/46 MP: 10/10
   613 | D        | Gained mutation: You are mostly covered in molten scales. (AC +3) [Jiyva's grace]
   623 | D        | Gained mutation: Armour fits poorly on your pseudopods. [Jiyva's grace]
   626 | D        | Reached skill level 10 in Fighting
   630 | D        | Killed a komodo dragon
   633 | D        | Reached skill level 16 in Unarmed Combat
   643 | D        | Noticed a catoblepas
   643 | D        | Noticed a death yak
   643 | D        | Noticed a catoblepas
   643 | D        | Noticed a death yak
   643 | D        | Noticed a death yak
   643 | D        | Noticed a catoblepas
   643 | D        | Gained mutation: You have acidic saliva. [Jiyva's grace]
   645 | D        | Killed a catoblepas
   645 | D        | Reached skill level 15 in Dodging
   648 | D        | Gained mutation: Your flesh is heat resistant. (rF+) [Jiyva's grace]
   649 | D        | Gained mutation: Your body has grown golden eyes which may confuse attackers. (Acc +3) [Jiyva's grace]
   650 | D        | Lost mutation: You are resistant to hostile enchantments. (MR+) [Jiyva's grace]
   653 | D        | Gained mutation: You are partially covered in slimy green scales. (AC +2) [Jiyva's grace]
   657 | D        | Lost mutation: Your flesh is heat resistant. (rF+) [Jiyva's grace]
   659 | D        | Killed a death yak
   659 | D        | Reached skill level 17 in Unarmed Combat
   659 | D        | Reached XP level 10. HP: 25/51 MP: 11/11
   664 | D        | Killed a catoblepas
   665 | D        | Killed a death yak
   666 | D        | Gained mutation: You expend magic power (3 MP) to strengthen your wands. [Jiyva's grace]
   667 | D        | Gained mutation: You have a small jelly attached to you that senses nearby items. [Jiyva's grace]
   669 | D        | Killed a death yak
   669 | D        | Reached skill level 18 in Unarmed Combat
   674 | D        | Gained mutation: You are covered in slimy tendrils that may disarm your opponents. [Jiyva's grace]
   674 | D        | Gained mutation: You have an increased reservoir of magic. (+10% MP) [Jiyva's grace]
   675 | D        | Slain by a catoblepas
   676 | D        | Reached XP level 9. HP: -4/47 MP: 10/10
   685 | D        | Gained mutation: You are somewhat resistant to further mutation. [Jiyva's grace]
   686 | D        | Lost mutation: You are partially covered in slimy green scales. (AC +2) [Jiyva's grace]
   688 | D        | Gained mutation: Your flesh is heat resistant. (rF+) [Jiyva's grace]
   688 | D        | Lost mutation: You are mostly covered in molten scales. (AC +3) [Jiyva's grace]
   691 | D        | Gained mutation: Your thick and shaggy fur keeps you warm. (AC +3, rC+) [Jiyva's grace]
   691 | D        | Gained mutation: Your spells are a little harder to cast, but a little more powerful. [Jiyva's grace]
   756 | D        | HP: 1/47 [catoblepas (2)]
   757 | D        | Killed from afar by a catoblepas

Vault maps used:
D:        linesprint

Skill      XL: |  1  2  3  4  5  6  7  8  9 10 |
---------------+-------------------------------+-----
Stealth        | 1 2 6 9 10 12 13 | 13.5
Fighting       | 4 5 8 9 10 | 10.4
Dodging        | 6 7 11 13 12 14 15 | 15.7
Unarmed Combat | 4 6 10 14 15 17 18 | 18.0

Action                   |  1- 3 |  4- 6 |  7- 9 | 10-12 || total
-------------------------+-------+-------+-------+-------++-------
Melee: Unarmed           |    31 |    24 |    90 |     8 ||   153
       Bite              |       |     1 |    16 |     1 ||    18
       Punch             |       |       |     8 |       ||     8
       Pseudopods        |       |       |     1 |     2 ||     3
Invok: Berserk           |     1 |       |       |       ||     1
       Trog's Hand       |       |     1 |       |       ||     1
       Cure Bad Mutation |       |       |     1 |       ||     1
  Use: Potion            |       |       |     5 |     2 ||     7
 Stab: Sleeping          |     1 |     2 |     3 |       ||     6
       Distracted        |       |       |     1 |       ||     1
       Petrified         |       |       |     1 |     1 ||     2
       Invisible         |       |       |       |     2 ||     2
  Eat: Chunk             |       |     7 |     7 |       ||    14
Armor: Skin              |     1 |       |     6 |       ||     7
Dodge: Dodged            |    21 |    21 |   106 |     8 ||   156

Table legend:
 A = Spawn XP
 B = Non-spawn XP
 C = Spawn XP percentage of total XP
 D = Spawn monster count
 E = Non-spawn monster count
 F = Spawn count percentage of total count
 G = Total turns spent on level
                    A         B        C        D         E        F      G
               +---------+---------+-------+---------+---------+-------+---------
         Total |       0 |   10526 |   0.0 |       0 |      44 |   0.0 |   757
               +---------+---------+-------+---------+---------+-------+---------
             D |       0 |   10526 |   0.0 |       0 |      44 |   0.0 |   757
               +---------+---------+-------+---------+---------+-------+---------
